 Dungeon Crawl Stone Soup version 0.30-a0-118-ga018f8e90f (webtiles) character file.

Game seed: 835546953724375636

24857 Ofeo the Fighter (level 12, -9/112 HPs)
             Began as a Palentonga Cinder Acolyte on Sept 13, 2022.
             Was an Elder of Ignis.
             Mangled by a wolf (11 damage)
             ... in a Gauntlet.
             The game lasted 00:32:57 (17803 turns).

Ofeo the Fighter (Palentonga Cinder Acolyte)       Turns: 17803, Time: 00:32:58

Health: -9/112     AC: 25    Str: 29    XL:     12   Next: 84%
Magic:  13/13      EV:  7    Int: 15    God:    Ignis [****..]
Gold:   2139       SH:  5    Dex:  9    Spells: 11/13 levels left

rFire   + + .      SeeInvis +    a - +12 war axe "Mogut" {freeze, rF+ Dex+2}
rCold   + . .      Faith    .    (no shield)
rNeg    . . .      Spirit   .    P - +0 chain mail
rPois   .          Reflect  +    O - +0 helmet of Beauty {rC+}
rElec   .          Harm     .    (no cloak)
rCorr   .          Rampage  .    r - +1 pair of gloves
Will    .....      NoTele   +    (no barding)
Stlth   ..........               L - amulet of reflection
HPRegen 0.28/turn                d - +4 ring of protection
MPRegen 0.13/turn                t - +6 ring of strength

@: curled up
A: large, rugged brown scales 3, see invisible, deformed body, roll 1, armoured
tail, reflexive curl
a: Rolling Charge, Renounce Religion, Fiery Armour, Foxfire Swarm, Rising Flame


You were in a Gauntlet.
You worshipped Ignis.
Ignis was greatly pleased with you.
You visited 2 branches of the dungeon, and saw 13 of its levels.
You also visited: Bailey and Gauntlet.

You collected 2139 gold pieces.

Inventory:

Hand Weapons
 a - the +12 war axe "Mogut" (weapon) {freeze, rF+ Dex+2}
   (You found it on level 7 of the Dungeon)

   It freezes those it strikes, dealing additional cold damage.
   It can also slow down cold-blooded creatures.
   Dex:       It affects your dexterity (+2).
   rF:        It protects you from fire.
 b - a +0 vorpal dire flail
 j - a +3 broad axe of draining
Armour
 r - a +1 pair of gloves (worn)
 A - a +1 leather armour of cold resistance
 O - the +0 helmet of Beauty (worn) {rC+}
   (You found it in a bailey)

   rC:        It protects you from cold.
 P - a +0 chain mail (worn)
Jewellery
 d - a +4 ring of protection (left hand)
 f - a +6 ring of strength
 o - a +4 ring of evasion
 s - a ring of flight
 t - a +6 ring of strength (right hand)
 L - an amulet of reflection (around neck)
 M - the ring of Mehoxtoton {rElec Dex+2 SInv}
   (You found it in a bailey)

   [ring of see invisible]

   Dex:       It affects your dexterity (+2).
   rElec:     It insulates you from electricity.
   SInv:      It lets you see invisible.
 R - a ring of poison resistance
Wands
 v - a wand of roots (5)
 C - a wand of charming (9)
 H - a wand of digging (4) {@v1}
 J - a wand of flame (49)
 Q - a wand of acid (6) {@v2}
Scrolls
 k - a scroll of immolation
 n - 2 scrolls of butterflies
 y - 4 scrolls of enchant armour
 B - 2 scrolls of enchant weapon
 N - a scroll of acquirement
Potions
 c - a potion of ambrosia
 e - 2 potions of might {@q4}
 g - 3 potions of lignification
 h - a potion of heal wounds {@q2}
 p - a potion of invisibility
 q - 4 potions of curing {@q1}
 u - a potion of mutation
 w - a potion of cancellation
 D - 4 potions of brilliance
 E - 2 potions of flight
 F - 3 potions of magic
 I - a potion of attraction {unknown}


   Skills:
 + Level 13.5 Fighting
 + Level 10.4(11.8) Axes
 - Level 8.9(11.1) Maces & Flails
 + Level 9.7 Armour
 - Level 1.1 Spellcasting
 - Level 2.5 Fire Magic


You had 11 spell levels left.
You knew the following spells:

 Your Spells              Type           Power      Damage    Failure   Level
a - Scorch                Fire           16%        2d6       47%         2

Your spell library contained the following spells:

 Spells                   Type           Power      Damage    Failure   Level
 Shock                    Conj/Air       0%         1d3       69%         1
 Swiftness                Air            0%         N/A       96%         3
 Airstrike                Air            0%         2d(0-16)  100%        4
 Animate Dead             Necr           0%         N/A       100%        4
 Borgnjor's Vile Clutch   Necr/Erth      0%         N/A       100%        5
 Death Channel            Necr           0%         N/A       100%        6


Dungeon Overview and Level Annotations

Branches:
Dungeon (12/15)            Temple (0/1) D:5            Lair (1/5) D:9
    Orc (0/2) D:12         Bailey (visited)         Gauntlet (1/1)

Altars:
Cheibriados
Elyvilon
Fedhas
Kikubaaqudgha
Makhleb
Okawaru
Sif Muna
Trog
Vehumet

Annotations:
D:7 1 runed translucent door, sirJeffrey23's ghost, novice MiFi Gauntlet 17 transporters


Innate Abilities, Weirdness & Mutations

You are completely covered in rugged brown scales. (AC +3, +7% HP)
You have supernaturally acute eyesight. (SInv)
Armour fits poorly on your strangely shaped body.
You can roll at nearby foes to attack.
You have a long armoured tail.
You curl defensively after being hit. (AC +7*)


Message History

You closely miss the moth of wrath.
The moth of wrath is almost dead.
You slash the wolf! You freeze the wolf. You slash the wolf!
You freeze the wolf. You block the wolf's attack. The wolf bites you. x2
A large slime creature splits.
The moth of wrath bites you but does no damage.
You hear a howl!
The wolf bites you but does no damage.
The wolf rages.
The wolf bites you but does no damage.
You take 8 damage, and have 59/112 hp.
You hit the moth of wrath. You freeze the moth of wrath.
You kill the moth of wrath!
You hit the wolf. You freeze the wolf. You hit the wolf. You freeze the wolf.
The wolf barely misses you. The wolf bites you but does no damage.
The wolf bites you. x2; The wolf bites you!
You take 9 damage, and have 50/112 hp.
You slash the wolf! You freeze the wolf!
The wolf is severely wounded.
You hit the wolf. You freeze the wolf. You slash the wolf! You freeze the wolf.
You kill the wolf!
The wolf barely misses you. The wolf bites you.
You hear a howl!
The wolf bites you. The wolf bites you!
* * * LOW HITPOINT WARNING * * *
The wolf barely misses you.
You take 18 damage, and have 32/112 hp.
You slash the wolf! You freeze the wolf.
Your tail-slap misses the wolf.
The wolf is almost dead.
You miss the wolf. You block the wolf's attack. The wolf completely misses you.
The wolf bites you but does no damage. The wolf bites you!
* * * LOW HITPOINT WARNING * * *
The wolf bites you but does no damage.
You take 15 damage, and have 17/112 hp.
You barely miss the wolf.
The wolf is almost dead.
You miss the wolf. You slash the wolf! You freeze the wolf. The wolf bites you!
* * * LOW HITPOINT WARNING * * *
The wolf bites you!
You die...

.........©#≈≈≈§8≈≈≈≈#©...........
### ####### #############
≈8≈≈#©.........©.........©#≈≈8§§#
########################## #####
........#.##.[.©!..##.#.. ....#
.##.##..#.#.#.....#.#.#.## ##.#
#..#..#.#.#..#...#..#.#..##.##..#
#..#..#.#.#...#.#...#.#J..#.#..[#
.#####..#.#....#@h..#.#J..^©#..©#
#..#©.#.#.#...#h#h..#.#J..#.#..=#
#..#..#.#.#..#...#..#.#J.##.##^.#
.##.##..#.#.#.....#.#.#J##..^##.#
........#.##.......##.#.........#
#########.###########.###########
...............©.................
.................................
##############.∩.################


You could see a large slime creature, 2 slime creatures, 3 wolves and 2 jellies.

Vanquished Creatures
  An orc warlord (Bailey)
  Josephine (D:11)
  Erolcha (D:9)
  Erica (D:10)
  5 two-headed ogres
  2 boulder beetles
  Lodul (D:11)
  4 skeletal warriors (D:12)
  An orc knight (Bailey)
  A cyclops (D:11)
  2 manticores (D:12)
  A moth of wrath (Gauntlet)
  Joseph (D:10)
  A gargoyle (D:10)
  3 komodo dragons
  2 trolls (D:9)
  2 slime creatures (D:12)
  2 shadows
  4 wraiths (D:11)
  4 wyverns
  2 basilisks (Lair:1)
  Grum (D:8)
  17 yaks
  3 acid dragons
  A water moccasin (D:8)
  A swamp drake (D:12)
  10 orc warriors
  3 ice beasts
  2 sky beasts (D:6)
  5 centaurs
  12 ogres
  7 wolves
  2 kobold brigands
  3 necrophages (D:6)
  2 scorpions (D:5)
  A gnoll sergeant (D:5)
  7 bullfrogs
  10 wights
  6 killer bees (D:11)
  7 howler monkeys
  2 electric eels (D:6)
  3 hounds
  A jelly (D:5)
  7 orc priests
  6 iguanas
  11 orc wizards
  8 adders
  12 gnolls
  2 shadow imps
  3 white imps
  3 ufetubi
  5 worms
  11 dart slugs
  40 orcs
  4 ball pythons
  5 bats
  8 endoplasms
  5 giant cockroaches
  9 hobgoblins
  17 kobolds
  5 quokkas
  5 frilled lizards
  13 goblins
  6 rats
333 creatures vanquished.

Vanquished Creatures (others)
  An orc wizard (D:11)
  2 demonic plants (Gauntlet)
  13 foxfires (D:4)
  3 fungi (Gauntlet)
  11 plants
30 creatures vanquished.

Grand Total: 363 creatures vanquished

Notes
Turn   | Place    | Note
-------+----------+-------------------------------------------
     0 | D:1      | Ofeo the Palentonga Cinder Acolyte began the quest for the
                  | Orb.
     0 | D:1      | Reached XP level 1. HP: 19/19 MP: 2/2
   330 | D:1      | Reached XP level 2. HP: 11/25 MP: 3/3
   548 | D:1      | Found a faded altar of an unknown god.
  1453 | D:2      | Reached XP level 3. HP: 31/31 MP: 4/4
  2595 | D:3      | Reached skill level 4 in Fighting
  2598 | D:3      | Learned a level 2 spell: Scorch
  2669 | D:3      | Reached XP level 4. HP: 39/39 MP: 5/5
  2670 | D:3      | Found a blossoming altar of Fedhas.
  2919 | D:3      | Reached XP level 5. HP: 41/46 MP: 6/6
  3203 | D:4      | Noticed an ogre
  3206 | D:4      | Killed an ogre
  3207 | D:4      | Reached skill level 5 in Fighting
  3207 | D:4      | Reached skill level 5 in Maces & Flails
  3423 | D:4      | Reached XP level 6. HP: 54/54 MP: 7/7
  4214 | D:4      | Reached skill level 6 in Fighting
  4214 | D:4      | Gained mutation: You curl defensively after being hit. (AC
                  | +7*) [Palentonga growth]
  4214 | D:4      | Reached XP level 7. HP: 59/62 MP: 8/8
  4488 | D:5      | Entered Level 5 of the Dungeon
  4488 | D:5      | Noticed a two-headed ogre
  4493 | D:5      | Killed a two-headed ogre
  4494 | D:5      | Reached skill level 7 in Fighting
  4494 | D:5      | Reached XP level 8. HP: 35/71 MP: 0/9
  5013 | D:5      | Reached skill level 1 in Armour
  5799 | D:5      | Found a staircase to the Ecumenical Temple.
  5832 | D:5      | Found a white marble altar of Elyvilon.
  6158 | D:6      | Reached skill level 8 in Fighting
  6188 | D:6      | Found a burning altar of Makhleb.
  6417 | D:6      | Reached XP level 9. HP: 67/80 MP: 10/10
  6857 | D:6      | Found a shimmering blue altar of Sif Muna.
  7943 | D:7      | Reached skill level 9 in Fighting
  7949 | D:7      | Identified the +12 war axe "Mogut" {freeze, rF+ Dex+2}
  8032 | D:7      | Found a runed translucent door.
  8032 | D:7      | Noticed sirJeffrey23's ghost (novice MiFi)
  8064 | D:7      | Reached skill level 1 in Axes
  8399 | D:6      | Identified a scroll of acquirement
  8399 | D:6      | Acquired 825 gold pieces
  9056 | D:7      | Found an ancient bone altar of Kikubaaqudgha.
  9388 | D:8      | Reached skill level 5 in Armour
  9410 | D:8      | Reached XP level 10. HP: 76/90 MP: 11/11
  9523 | D:8      | Found an iron altar of Okawaru.
  9525 | D:8      | Found a snail-covered altar of Cheibriados.
  9525 | D:8      | Found a radiant altar of Vehumet.
  9597 | D:8      | Noticed Grum
  9608 | D:8      | Killed Grum
  9609 | D:8      | Reached skill level 10 in Fighting
  9653 | D:8      | Found a flagged portal.
  9667 | Bailey   | Entered a bailey
  9742 | Bailey   | Noticed an orc warlord
  9959 | Bailey   | Noticed an orc knight
  9965 | Bailey   | Killed an orc knight
  9981 | Bailey   | Found a runed translucent gate.
  9981 | Bailey   | Found a runed translucent gate.
  9988 | Bailey   | Found a runed translucent gate.
 10289 | Bailey   | Noticed an orc knight
 10346 | Bailey   | Killed an orc warlord
 10347 | Bailey   | Reached skill level 5 in Axes
 10360 | Bailey   | Identified the ring of Mehoxtoton {rElec Dex+2 SInv}
 10371 | Bailey   | Identified the +0 helmet of Beauty {rC+}
 11108 | D:9      | Found a staircase to the Lair.
 11203 | D:9      | Noticed a two-headed ogre
 11208 | D:9      | Killed a two-headed ogre
 11209 | D:9      | Reached skill level 11 in Fighting
 11209 | D:9      | Reached XP level 11. HP: 99/99 MP: 12/12
 11615 | D:9      | Noticed Erolcha
 11616 | D:9      | Killed Erolcha
 11773 | D:10     | Entered Level 10 of the Dungeon
 12002 | D:10     | You fall into a shaft and drop 2 floors!
 12020 | D:12     | Noticed a skeletal warrior
 12049 | D:12     | Killed a skeletal warrior
 12414 | D:12     | Noticed a boulder beetle
 12616 | D:12     | Noticed a skeletal warrior
 12619 | D:12     | Killed a skeletal warrior
 12651 | D:12     | Noticed a skeletal warrior
 12658 | D:12     | Killed a skeletal warrior
 12955 | D:12     | Noticed a two-headed ogre
 12971 | D:12     | Killed a two-headed ogre
 12972 | D:12     | Reached skill level 12 in Fighting
 13875 | D:11     | Noticed Josephine
 13902 | D:11     | Killed Josephine
 14231 | D:11     | Noticed a boulder beetle
 14244 | D:11     | Killed a boulder beetle
 14245 | D:11     | Reached XP level 12. HP: 59/110 MP: 13/13
 14778 | D:11     | Noticed Lodul
 14799 | D:10     | Noticed a two-headed ogre
 15111 | D:10     | Killed a two-headed ogre
 15135 | D:10     | Noticed Erica
 15141 | D:10     | Killed Erica
 15252 | D:10     | Noticed a two-headed ogre
 15256 | D:10     | Killed a two-headed ogre
 15438 | D:10     | Noticed Joseph
 15452 | D:10     | Killed Joseph
 15453 | D:10     | Found a bloodstained altar of Trog.
 15550 | D:10     | Identified the +9 rapier of Naypp {vamp, Stlth+}
 16046 | D:11     | Identified the +1 dagger of Impermanence {vamp, rElec Int+4
                  | Dex-4}
 16283 | D:11     | Killed Lodul
 16284 | D:11     | Reached skill level 13 in Fighting
 16780 | D:12     | Reached skill level 10 in Axes
 16783 | D:12     | Found a staircase to the Orcish Mines.
 16788 | D:12     | Killed a boulder beetle
 17374 | Lair:1   | Entered Level 1 of the Lair of Beasts
 17519 | Lair:1   | Found a gate leading to a gauntlet.
 17532 | Gauntlet | Entered a Gauntlet
 17532 | Gauntlet | Found a transporter.
 17554 | Gauntlet | Found a transporter.
 17556 | Gauntlet | Found a transporter.
 17576 | Gauntlet | Found a transporter.
 17583 | Gauntlet | Found a transporter.
 17583 | Gauntlet | Found the +3 pair of seven-league boots {Rampage+∞}
 17598 | Gauntlet | Found a transporter.
 17603 | Gauntlet | Found a transporter.
 17618 | Gauntlet | Found a transporter.
 17637 | Gauntlet | Found a transporter.
 17646 | Gauntlet | Noticed a dire elephant
 17649 | Gauntlet | Found a transporter.
 17654 | Gauntlet | Found a transporter.
 17669 | Gauntlet | Found a transporter.
 17672 | Gauntlet | Noticed a dire elephant
 17674 | Gauntlet | Found a transporter.
 17689 | Gauntlet | Found a transporter.
 17696 | Gauntlet | Found a transporter.
 17704 | Gauntlet | Noticed a blizzard demon
 17713 | Gauntlet | Found a transporter.
 17718 | Gauntlet | Found a transporter.
 17757 | Gauntlet | Found a transporter.
 17803 | Gauntlet | HP: 2/112 [wolf (15)]
 17803 | Gauntlet | Mangled by a wolf

Illustrated notes

Levels and vault maps discovered:
D:1:      nicolae_arrival_washed_ashore, layout_basic,
          dreamdust_ecumenical_altar_grove
D:2:      layout_basic
D:3:      layout_basic, fedhas_altar_2
D:4:      layout_basic, minmay_box_of_dots
D:5:      layout_cave_pools, nicolae_elyvilon_temple_path,
          minmay_temple_entry_offerings,
          hangedman_abyss_or_decor_jellyfish_corner
D:6:      kennysheep_slugbush, layout_cave_pools, general_overflow_altar,
          mainiacjoe_overflow_tiny_flanked
D:7:      layout_loops_ring, mainiacjoe_overflow_small_starburst,
          hellmonk_ghost_happy_afterlife
D:8:      layout_cave_pools, chequers_temple_overflow_statue_of_worship,
          enter_bailey_7, minmay_misc_feat_diagonals, grunt_ministairs_12,
          uniq_grum
D:9:      layout_basic, lair_entry_dummy, uniq_erolcha
D:10:     layout_basic, lemuel_tele_altar, uniq_joseph, uniq_erica
D:11:     layout_stronghold, uniq_josephine, uniq_lodul
D:12:     cheibrodos_elevator_heist, layout_basic, erik_orc_1
Lair:1:   layout_misc_corridors, gauntlet_entry_generic
Gauntlet: gammafunk_gauntlet_one_two_three [nicolae_gauntlet_arena_x,
          nicolae_gauntlet_arena_quarters, gammafunk_gauntlet_arena_split_x,
          gammafunk_gauntlet_arena_grid, nicolae_gauntlet_swirl,
          nicolae_gauntlet_arena_t_cross, gammafunk_gauntlet_arena_arrow_garden,
          gammafunk_gauntlet_arena_corners, gammafunk_gauntlet_arena_mazey,
          gauntlet_exit_watery]

Skill      XL: |  1  2  3  4  5  6  7  8  9 10 11 12 |
---------------+-------------------------------------+-----
Fighting       | 4 5 6 7 8 9 11 12 13 | 13.5
Maces & Flails | 4 5 7 8 |  8.9
Armour         | 3 5 6 8 9 |  9.7
Axes           | 3 6 8 10 | 10.4
Spellcasting   | |  1.1
Fire Magic     | |  2.5

Action                   |  1- 3 |  4- 6 |  7- 9 | 10-12 || total
-------------------------+-------+-------+-------+-------++-------
Melee: Mace              |   107 |   109 |       |       ||   216
       Tailslap          |     8 |     8 |    19 |    63 ||    98
       Punch             |     3 |       |     2 |     1 ||     6
       Dire flail        |       |       |   195 |       ||   195
       War axe           |       |       |    53 |   366 ||   419
 Cast: Scorch            |       |    10 |     7 |     1 ||    18
Invok: Foxfire Swarm     |       |     1 |       |       ||     1
       Fiery Armour      |       |       |     2 |     1 ||     3
 Abil: Rolling Charge    |    26 |    25 |    35 |    55 ||   141
Evoke: Wand              |       |       |     2 |       ||     2
  Use: Scroll            |       |       |    12 |     7 ||    19
       Potion            |       |       |     4 |     6 ||    10
 Stab: Confused          |       |       |       |     1 ||     1
Armor: Robe              |    68 |    69 |    15 |       ||   152
       Leather armour    |       |       |    84 |    85 ||   169
       Chain mail        |       |       |       |    70 ||    70
Dodge: Dodged            |    73 |    57 |    98 |   137 ||   365
Block: Other             |       |       |       |    57 ||    57
       Reflection        |       |       |       |     4 ||     4

Table legend: (Time is in decaauts)
 A = Elapsed time spent in this place.
 B = Non-inter-level travel time spent in this place.
 C = Inter-level travel time spent in this place.
 D = Time resting spent in this place.
 E = Time spent auto-exploring this place.
 F = Levels seen in this place.
 G = Mean time per level.
                   A        B        C        D        E       F      G
               +--------+--------+--------+--------+--------+-----+--------+
         Total |  17837 |  17244 |    593 |   5194 |   9425 |  15 | 1189.1 |
       Dungeon |  16492 |  15899 |    593 |   4594 |   9122 |  12 | 1374.3 |
          Lair |    157 |    157 |      0 |      0 |     52 |   1 |  157.0 |
        Bailey |    919 |    919 |      0 |    600 |     39 |   1 |  919.0 |
      Gauntlet |    269 |    269 |      0 |      0 |    211 |   1 |  269.0 |
               +--------+--------+--------+--------+--------+-----+--------+

Top non-repeatable levels by time:
    D:11: 2425 daAuts
     D:4: 1796 daAuts
     D:5: 1754 daAuts
    D:12: 1678 daAuts
     D:6: 1644 daAuts
     D:1: 1444 daAuts
     D:2: 1148 daAuts
    D:10: 1148 daAuts
     D:9: 998 daAuts
     D:7: 987 daAuts
  Bailey: 919 daAuts
     D:8: 828 daAuts
     D:3: 637 daAuts
Gauntlet: 269 daAuts
  Lair:1: 157 daAuts
